 Dungeon Crawl Stone Soup version 0.30.1-11-g7821555f0a (webtiles) character file.

Game seed: 16742162350671276586

636 Ternin the Skirmisher (level 7, -3/56 HPs)
             Began as a Gnoll Hunter on Nov 28, 2023.
             Was an Initiate of Cheibriados.
             Blown up by Pikel (15 damage)
             ... with a mindburst bolt
             ... on level 6 of the Dungeon.
             The game lasted 00:20:27 (1761 turns).

Ternin the Skirmisher (Gnoll Hunter)                Turns: 1761, Time: 00:20:27

Health: -3/56      AC:  4    Str: 11    XL:     7   Next: 50%
Magic:  0/10       EV: 14    Int:  9    God:    Cheibriados [......]
Gold:   185        SH:  0    Dex: 19    Spells: 11/11 levels left

rFire   . . .        d - +1 rapier (protect)
rCold   . . .        (no shield)
rNeg    . . .        c - +0 leather armour
rPois   .            (no helmet)
rElec   .            s - +0 cloak
rCorr   .            (no gloves)
SInv    .            (no boots)
Will    .....        h - amulet of guardian spirit
Stlth   +++          (no ring)
HPRegen 0.29/turn    (no ring)
MPRegen 0.12/turn

%: guardian spirit
@: very slow
A: fangs 1, strong nose, distributed training
a: Renounce Religion


You were on level 6 of the Dungeon.
You worshipped Cheibriados.
Cheibriados was noncommittal.
You visited 1 branch of the dungeon, and saw 6 of its levels.

You collected 185 gold pieces.

Inventory:

Hand Weapons
 a - a +0 shortbow
 d - a +1 rapier of protection (weapon)
 e - a +0 short sword
Armour
 c - a +0 leather armour (worn)
 k - a +0 leather armour
 r - a +1 hat
 s - a +0 cloak (worn)
Jewellery
 h - an amulet of guardian spirit (around neck)
Wands
 q - a wand of roots (3)
Scrolls
 b - a scroll of immolation
 g - a scroll of poison {unknown}
 j - a scroll of silence {unknown}
 l - a scroll of identify
 m - 2 scrolls of vulnerability {unknown}
 n - 2 scrolls of blinking {unknown}
 o - a scroll of magic mapping {unknown}
 v - 3 scrolls of fog {unknown}
Potions
 f - 2 potions of brilliance
 i - 2 potions of flight {unknown}
 p - 2 potions of heal wounds
 t - a potion of might
 u - a potion of magic {unknown}


   Skills:
 + Level 5.3 Fighting
 + Level 2.6 Short Blades
 + Level 2.6 Long Blades
 + Level 2.6 Axes
 + Level 2.6 Maces & Flails
 + Level 2.6 Polearms
 + Level 2.6 Staves
 + Level 9.0 Ranged Weapons
 + Level 2.6 Throwing
 + Level 2.6 Armour
 + Level 5.3 Dodging
 + Level 3.6 Stealth
 + Level 2.6 Shields
 + Level 2.6 Unarmed Combat
 + Level 2.6 Spellcasting
 + Level 2.1 Conjurations
 + Level 2.1 Hexes
 + Level 2.1 Summonings
 + Level 2.1 Necromancy
 + Level 2.1 Translocations
 + Level 2.1 Transmutations
 + Level 2.1 Fire Magic
 + Level 2.1 Ice Magic
 + Level 2.1 Air Magic
 + Level 2.1 Earth Magic
 + Level 2.1 Poison Magic
 + Level 2.9 Invocations
 + Level 2.6 Evocations


You had 11 spell levels left.
You didn't know any spells.
Your spell library contained the following spells:

 Spells                   Type           Power      Damage    Failure   Level
 Lesser Beckoning         Tloc           10%        N/A       26%         2
 Gell's Gravitas          Tloc           5%         N/A       45%         3
 Teleport Other           Tloc           5%         N/A       45%         3


Dungeon Overview and Level Annotations

Branches:
Dungeon (6/15)             Temple (0/1) D:6

Altars:
Cheibriados
Sif Muna
Xom

Shops:
D:4 (

Annotations:
D:5 2 runed translucent doors
D:6 Pikel


Innate Abilities, Weirdness & Mutations

You have very sharp teeth.
Your uncanny sense of smell can sniff out nearby items.
Your experience applies equally to all skills.


Message History

The lemure is lightly wounded.
The lemure hits you. The lemure hits you but does no damage.
The lemure attacks as you move away! The lemure hits you.
The lemure attacks as you move away! The lemure barely misses you.
You hit the lemure.
Your weapon exudes an aura of protection.
The lemure is moderately wounded.
The lemure hits you.
You hit the lemure.
The lemure is heavily wounded.
The lemure hits you.
You closely miss the lemure.
The lemure is heavily wounded.
The lemure barely misses you.
You puncture Pikel!
Pikel is lightly wounded.
Pikel barely misses you.
You barely miss Pikel.
Pikel is lightly wounded.
Pikel hits you but does no damage.
You hit Pikel but do no damage. Your bite misses Pikel.
Pikel is lightly wounded.
Pikel zaps a wand.
Your mind is blasted!
You hit Pikel but do no damage. Your bite misses Pikel.
Pikel is lightly wounded.
Pikel hits you but does no damage.
You closely miss Pikel. You punch Pikel, but do no damage.
Pikel is lightly wounded.
Pikel closely misses you.
You hit Pikel.
Pikel is moderately wounded.
Pikel hits you with a +2 whip of flaming.
Pikel burns you.
You hit Pikel but do no damage.
Pikel is moderately wounded.
Pikel misses you.
Pikel zaps a wand.
Your mind is blasted!
* * * LOW HITPOINT WARNING * * *
Pikel zaps a wand.
Your mind is blasted!
You die...

# #.................# #.
#...b....##.......# #..
#..............#### #..
#........####.## . #..###..#...#
#.# ##.#.......#...# #.#
#......_....#### #.#
#..........5.55######.##########
#.###....##.##K.@..............#
###..##.###########.######.##
#.K##.# #># #.#. #.5##.# #.#
#... #..##.# #.# #.#. #..##.#
#.# #.#. .5K........# #.# #.#.
#.####.##### ∆ ..# #.#. #. #.#.


You could see Pikel and 3 lemures.

Vanquished Creatures
  A black bear (D:5)
  2 phantoms (D:5)
  A scorpion (D:4)
  2 hounds
  A jelly (D:6)
  3 iguanas
  An orc wizard (D:5)
  4 gnolls (D:4)
  5 adders
  4 orcs
  4 ball pythons
  3 endoplasms
  A giant cockroach (D:3)
  3 hobgoblins
  A quokka (D:2)
  4 bats
  A frilled lizard (D:2)
  3 goblins
  9 kobolds
  4 rats
  A butterfly (D:6)
58 creatures vanquished.

Vanquished Creatures (others)
  An orc wizard (D:5)
1 creature vanquished.

Grand Total: 59 creatures vanquished

Notes
Turn   | Place    | Note
-------+----------+-------------------------------------------
     0 | D:1      | Ternin the Gnoll Hunter began the quest for the Orb.
     0 | D:1      | Reached XP level 1. HP: 20/20 MP: 1/1
     6 | D:1      | Noticed a centaur warrior
     6 | D:1      | Noticed a ragged hierophant
     6 | D:1      | Noticed a tyrant leech
     6 | D:1      | Noticed a komodo dragon
   122 | D:1      | Reached XP level 2. HP: 26/26 MP: 2/2
   140 | D:1      | You fall into a shaft and drop 1 floor!
   317 | D:2      | Reached XP level 3. HP: 27/31 MP: 3/3
   473 | D:3      | Reached skill level 1 in Invocations
   663 | D:3      | Reached skill level 1 in Short Blades
   663 | D:3      | Reached skill level 1 in Long Blades
   663 | D:3      | Reached skill level 1 in Axes
   663 | D:3      | Reached skill level 1 in Maces & Flails
   663 | D:3      | Reached skill level 1 in Polearms
   663 | D:3      | Reached skill level 1 in Staves
   663 | D:3      | Reached skill level 1 in Throwing
   663 | D:3      | Reached skill level 1 in Armour
   663 | D:3      | Reached skill level 1 in Shields
   663 | D:3      | Reached skill level 1 in Unarmed Combat
   663 | D:3      | Reached skill level 1 in Spellcasting
   663 | D:3      | Reached skill level 1 in Evocations
   768 | D:4      | Found Huditah's Weapon Boutique.
   784 | D:4      | Reached XP level 4. HP: 38/38 MP: 5/5
   792 | D:4      | Reached skill level 1 in Conjurations
   792 | D:4      | Reached skill level 1 in Hexes
   792 | D:4      | Reached skill level 1 in Summonings
   792 | D:4      | Reached skill level 1 in Necromancy
   792 | D:4      | Reached skill level 1 in Translocations
   792 | D:4      | Reached skill level 1 in Transmutations
   792 | D:4      | Reached skill level 1 in Fire Magic
   792 | D:4      | Reached skill level 1 in Ice Magic
   792 | D:4      | Reached skill level 1 in Air Magic
   792 | D:4      | Reached skill level 1 in Earth Magic
   792 | D:4      | Reached skill level 1 in Poison Magic
   839 | D:4      | Reached XP level 5. HP: 18/43 MP: 5/7
   848 | D:4      | Found a snail-covered altar of Cheibriados.
   851 | D:4      | Became a worshipper of Cheibriados the Contemplative
  1157 | D:5      | Entered Level 5 of the Dungeon
  1171 | D:5      | Reached XP level 6. HP: 50/50 MP: 8/8
  1194 | D:5      | Reached skill level 5 in Fighting
  1194 | D:5      | Reached skill level 5 in Dodging
  1261 | D:5      | Found a large runed translucent door.
  1261 | D:5      | Found a large runed translucent door.
  1324 | D:5      | Found a shimmering blue altar of Sif Muna.
  1468 | D:5      | Noticed a black bear
  1490 | D:5      | Reached XP level 7. HP: 39/56 MP: 10/10
  1601 | D:6      | Found a staircase to the Ecumenical Temple.
  1658 | D:6      | Reached skill level 9 in Ranged Weapons
  1715 | D:6      | Found a shimmering altar of Xom.
  1734 | D:6      | Noticed Pikel
  1761 | D:6      | Blown up by Pikel

Illustrated notes

Levels and vault maps discovered:
D:1:      onia_arrival_zoo_common, layout_rooms
D:2:      layout_basic, chequers_big_river
D:3:      layout_rooms, ebering_ghost_gozag, kennysheep_boxes
D:4:      layout_basic, kennysheep_mini_moat, serial_shops, shop,
          nicolae_take_the_stairs
D:5:      cheibrodos_helix_gallery, layout_loops_ring, jmf_multi_god_temple2,
          led_sif_book
D:6:      layout_loops_ring, xom_butterflies, minmay_temple_entry_offerings,
          uniq_pikel

Skill      XL: |  1  2  3  4  5  6  7 |
---------------+----------------------+-----
Invocations    | 1 2 |  2.9
Short Blades   | 1 2 |  2.6
Long Blades    | 1 2 |  2.6
Axes           | 1 2 |  2.6
Maces & Flails | 1 2 |  2.6
Polearms       | 1 2 |  2.6
Staves         | 1 2 |  2.6
Throwing       | 1 2 |  2.6
Armour         | 1 2 |  2.6
Shields        | 1 2 |  2.6
Unarmed Combat | 1 2 |  2.6
Spellcasting   | 1 2 |  2.6
Evocations     | 1 2 |  2.6
Conjurations   | 1 2 |  2.1
Hexes          | 1 2 |  2.1
Summonings     | 1 2 |  2.1
Necromancy     | 1 2 |  2.1
Translocations | 1 2 |  2.1
Transmutations | 1 2 |  2.1
Fire Magic     | 1 2 |  2.1
Ice Magic      | 1 2 |  2.1
Air Magic      | 1 2 |  2.1
Earth Magic    | 1 2 |  2.1
Poison Magic   | 1 2 |  2.1
Stealth        | 3 |  3.6
Fighting       | 5 |  5.3
Dodging        | 5 |  5.3
Ranged Weapons | 9 |  9.0

Action                     |  1- 3 |  4- 6 |  7- 9 || total
---------------------------+-------+-------+-------++-------
  Melee: Rapier            |    39 |    39 |    43 ||   121
         Bite              |     3 |     4 |     4 ||    11
         Punch             |     1 |     3 |     1 ||     5
   Fire: Shortbow          |    38 |    77 |    14 ||   129
    Use: Scroll            |       |     1 |     1 ||     2
         Potion            |       |     1 |       ||     1
   Stab: Sleeping          |     1 |       |       ||     1
 Armour: Leather armour    |    16 |    22 |    26 ||    64
  Dodge: Dodged            |    44 |    55 |    27 ||   126
